 Dungeon Crawl Stone Soup version 0.29.1-1-gd02db6906a (webtiles) character file.

Game seed: 18233133054073137104

850 Demigod47 the Cudgeller (level 7, -6/61 HPs)
             Began as a Minotaur Fighter on Oct 6, 2022.
             Was a Believer of the Shining One.
             Mangled by an ogre
             ... wielding a +0 giant club
              (12 damage)
             ... on level 5 of the Dungeon.
             The game lasted 00:12:37 (3719 turns).

Demigod47 the Cudgeller (Minotaur Fighter)          Turns: 3719, Time: 00:12:37

Health: -6/61      AC:  8    Str: 21    XL:     7   Next: 69%
Magic:  6/6        EV:  9    Int:  5    God:    the Shining One [**....]
Gold:   238        SH:  4    Dex:  9    Spells: 6/6 levels left

rFire   . . .      SeeInvis .   a - +0 flail
rCold   . . .      Faith    .   c - +0 buckler
rNeg    + . .      Spirit   .   b - +0 scale mail
rPois   +          Reflect  .   (helmet restricted)
rElec   .          Harm     .   r - +0 cloak
rCorr   .          Rampage  .   (no gloves)
Will    .....                   (no boots)
Stlth   ..........              (no amulet)
HPRegen 0.20/turn               s - ring of poison resistance
MPRegen 0.10/turn               (no ring)

@: brilliant, glowing
A: horns 2, retaliatory headbutt, claws 1, weak 1
a: Renounce Religion, Divine Shield


You were on level 5 of the Dungeon.
You worshipped the Shining One.
The Shining One was pleased with you.
You visited 1 branch of the dungeon, and saw 5 of its levels.

You collected 238 gold pieces.

Inventory:

Hand Weapons
 a - a +0 flail (weapon)
 p - a +1 halberd of protection
 q - a +4 quarterstaff of chaos
 x - a +1 mace of draining
Missiles
 h - 5 javelins (quivered)
 m - 18 poisoned darts
 t - 5 datura-tipped darts
 w - a boomerang
 D - 5 silver javelins
Armour
 b - a +0 scale mail (worn)
 c - a +0 buckler (worn)
 r - a +0 cloak (worn)
Jewellery
 s - a ring of poison resistance (left claw)
 A - a ring of fire
Scrolls
 e - a scroll of fear {unknown}
 f - 2 scrolls of butterflies {unknown}
 g - a scroll of enchant weapon {unknown}
 i - 2 scrolls of magic mapping {unknown}
 k - 3 scrolls of identify {unknown}
 v - 2 scrolls of amnesia {unknown}
 y - a scroll of summoning {unknown}
 z - 2 scrolls of blinking {unknown}
 B - a scroll of enchant armour {unknown}
Potions
 d - a potion of might
 n - a potion of attraction {unknown}
 o - 2 potions of mutation
 u - 2 potions of brilliance
 C - a potion of degeneration {unknown}


   Skills:
 + Level 5.6 Fighting
 + Level 6.8 Maces & Flails
 + Level 2.2 Polearms
 + Level 6.1 Armour
 + Level 1.4 Dodging
 + Level 1.0 Stealth
 + Level 4.8 Shields


You had 6 spell levels left.
You didn't know any spells.
Your spell library contained the following spells:

 Spells                   Type           Power      Damage    Failure   Level
 Leda's Liquefaction      Hex/Erth       0%         N/A       100%        4
 Lee's Rapid Deconstruct  Erth           0%         3d5*      100%        5
 Statue Form              Tmut/Erth      0%         N/A       100%        6


Dungeon Overview and Level Annotations

Branches:
Dungeon (5/15)             Temple (0/1) D:5

Altars:
Ashenzari
The Shining One

Shops:
D:2 *[(=[


Innate Abilities, Weirdness & Mutations

You have a pair of horns on your head.
You reflexively headbutt those who attack you in melee.
You have sharp fingernails.
You are weak. (Str -2)


Message History

You hit the black bear but do no damage.
The black bear is severely wounded.
You block the black bear's attack.
The black bear claws you but does no damage. x2
You hit the black bear but do no damage.
The black bear is severely wounded.
The black bear bites you.
The black bear claws you but does no damage.
You block the black bear's attack. The black bear completely misses you.
The black bear claws you but does no damage.
The black bear barely misses you.
Items here: ))) ††.
You sock the ogre! You headbutt the ogre!
The ogre is heavily wounded.
The ogre hits you with a +0 giant spiked club!
* * * LOW HITPOINT WARNING * * *
The black bear bites you.
* * * LOW HITPOINT WARNING * * *
The black bear closely misses you. The black bear barely misses you.
The black bear attacks as you move away!
The black bear bites you but does no damage.
The black bear barely misses you. The black bear completely misses you.
You hit the black bear.
The black bear is severely wounded.
The black bear bites you but does no damage.
The black bear barely misses you. The black bear claws you.
* * * LOW HITPOINT WARNING * * *
You hit the black bear.
The black bear is severely wounded.
The black bear bites you.
* * * LOW HITPOINT WARNING * * *
The black bear barely misses you. x2
It was a potion of mutation.
You feel extremely strange.
Your fingernails lengthen.
You feel weaker.
The black bear bites you but does no damage.
The black bear misses you. The black bear closely misses you.
It was a potion of brilliance.
You feel clever all of a sudden. The ogre hits you with a +0 giant club!
You die...

###########
#.........#
#.........#
#.....O@..# .###
#####.h####
....#######.))O#
..........###†!#
...............###.
..!....<.............
................#<...
..$..................
####......#........##


You could see a black bear and an ogre.

Vanquished Creatures
  A black bear (D:4)
  2 ogres
  A centaur (D:5)
  A necrophage (D:5)
  A scorpion (D:5)
  Crazy Yiuf (D:2)
  A hound (D:4)
  2 iguanas (D:4)
  An orc priest (D:5)
  An orc wizard (D:5)
  Robin (D:2)
  7 gnolls
  5 adders
  2 worms
  3 dart slugs
  5 orcs
  6 ball pythons
  10 endoplasms
  A giant cockroach (D:2)
  11 goblins
  10 hobgoblins
  2 jackals (D:2)
  2 quokkas
  9 bats
  2 frilled lizards
  9 kobolds
  6 rats
103 creatures vanquished.

Vanquished Creatures (others)
  14 plants (D:2)
14 creatures vanquished.

Grand Total: 117 creatures vanquished

Notes
Turn   | Place    | Note
-------+----------+-------------------------------------------
     0 | D:1      | Demigod47 the Minotaur Fighter began the quest for the Orb.
     0 | D:1      | Reached XP level 1. HP: 19/19 MP: 0/0
    27 | D:1      | Found a faded altar of an unknown god.
    92 | D:1      | Prayed at the altar of an unknown god.
    92 | D:1      | Became a worshipper of the Shining One
    92 | D:1      | Reached * piety under the Shining One
   243 | D:1      | Reached XP level 2. HP: 24/27 MP: 1/1
   901 | D:2      | Found Meezam's Antique Armour Boutique.
   914 | D:2      | Noticed Robin
   921 | D:2      | Reached XP level 3. HP: 32/33 MP: 2/2
   942 | D:2      | Killed Robin
   968 | D:2      | Found Weubb's Antique Weapon Boutique.
  1205 | D:2      | Reached ** piety under the Shining One
  1211 | D:2      | Reached XP level 4. HP: 36/40 MP: 3/3
  1438 | D:2      | Found a runed translucent door.
  1439 | D:2      | Noticed Crazy Yiuf
  1446 | D:2      | Killed Crazy Yiuf
  1512 | D:2      | Reached XP level 5. HP: 47/47 MP: 4/4
  1594 | D:2      | Found Tieraa's Jewellery Shop.
  1620 | D:2      | Found Cixin's Armour Emporium.
  1655 | D:2      | Found Baoshar's General Store.
  1781 | D:3      | Found a broken altar of Ashenzari.
  2437 | D:3      | Reached skill level 1 in Polearms
  2813 | D:4      | Noticed an ogre
  2822 | D:4      | Killed an ogre
  2823 | D:4      | Reached skill level 5 in Maces & Flails
  2823 | D:4      | Reached skill level 1 in Dodging
  2823 | D:4      | Reached XP level 6. HP: 32/53 MP: 5/5
  3040 | D:4      | Reached skill level 5 in Armour
  3230 | D:4      | Reached skill level 5 in Fighting
  3612 | D:5      | Entered Level 5 of the Dungeon
  3618 | D:5      | Found a staircase to the Ecumenical Temple.
  3633 | D:5      | Reached skill level 1 in Stealth
  3633 | D:5      | Reached XP level 7. HP: 28/61 MP: 6/6
  3718 | D:5      | Gained mutation: You have sharp fingernails. [potion of
                  | mutation]
  3718 | D:5      | Gained mutation: You are weak. (Str -2) [potion of
                  | mutation]
  3719 | D:5      | Mangled by an ogre

Illustrated notes

Levels and vault maps discovered:
D:1:      matt_arrival_grand_opening, layout_basic,
          ebering_ecumenical_altar_box, hangedman_decor_opposing
D:2:      layout_rooms, serial_shops,
          nicolae_shop_temple_entry_statues_fountains, nicolae_shop_stone,
          nicolae_shop_trees, shop, shop, serial_bayou_pond_c, uniq_robin,
          uniq_crazy_yiuf_cottage
D:3:      layout_basic, evilmike_ruin_ashenzari
D:4:      layout_cave_pools
D:5:      layout_rooms, minmay_temple_entry_proselytizer

Skill      XL: |  1  2  3  4  5  6  7 |
---------------+----------------------+-----
Shields        | 4 |  4.8
Maces & Flails | 3 4 5 6 |  6.8
Fighting       | 4 5 |  5.6
Armour         | 4 5 6 |  6.1
Polearms       | 2 |  2.2
Dodging        | 1 |  1.4
Stealth        | 1 |  1.0

Action                   |  1- 3 |  4- 6 |  7- 9 || total
-------------------------+-------+-------+-------++-------
Melee: Flail             |    71 |    75 |    31 ||   177
       Headbutt          |    11 |    20 |     7 ||    38
       Halberd           |       |    27 |       ||    27
  Use: Potion            |       |     4 |     4 ||     8
Armor: Scale mail        |    28 |    65 |    29 ||   122
Dodge: Dodged            |    46 |    45 |    26 ||   117
Block: Buckler           |    15 |    28 |    12 ||    55
